 Dungeon Crawl Stone Soup version 0.31.0-12-g77e489cdc1 (webtiles) character file.

Game seed: 11377978614701120677

83 spaghetti the Shooter (level 4, -1/33 HPs)
             Began as a Demonspawn Hunter on Feb 18, 2024.
             Slain by an orc
             ... wielding a +0 flail
              (5 damage)
             ... on level 4 of the Dungeon.
             The game lasted 00:02:37 (1489 turns).

spaghetti the Shooter (Demonspawn Hunter)           Turns: 1489, Time: 00:02:37

Health: -1/33      AC:  6    Str: 12    XL:     4   Next: 22%
Magic:  4/4        EV: 12    Int:  9    God:
Gold:   138        SH:  0    Dex: 18    Spells: 3/3 levels left

rFire   . . .        a - +0 shortbow
rCold   . . .        (shield currently unavailable)
rNeg    . . .        c - +1 leather armour
rPois   .            (no helmet)
rElec   .            (no cloak)
rCorr   .            (no gloves)
SInv    .            (no boots)
Will    +....        (no amulet)
Stlth   ++           (no ring)
HPRegen 0.25/turn    (no ring)
MPRegen 0.09/turn

%: no passive effects
@: enlightened, flying (expiring)
A: icy blue scales 1, weakness stinger 2
a: no special abilities


You were on level 4 of the Dungeon.
You visited 1 branch of the dungeon, and saw 3 of its levels.

You collected 138 gold pieces.

Inventory:

Hand Weapons
 a - a +0 shortbow (weapon)
Armour
 c - a +1 leather armour (worn)
Jewellery
 k - an amulet of magic regeneration
Scrolls
 f - a scroll of immolation
 j - a scroll of amnesia {unknown}
Potions
 g - a potion of might
 h - a potion of enlightenment


   Skills:
 - Level 2.0 Fighting
 + Level 5.2 Ranged Weapons
 - Level 1.7 Dodging
 - Level 0.8 Stealth


You had 3 spell levels left.
You didn't know any spells.
Your spell library was empty.

Dungeon Overview and Level Annotations

Branches:
Dungeon (2/15)

Altars:
Cheibriados

Shops:
D:2 [


Innate Abilities, Weirdness & Mutations

You are partially covered in icy blue scales. (AC +2)
You have a tail ending in a sharp stinger.


Message History

You swap places.
A ribbon worm comes into view.
Found a snail-covered altar of Cheibriados.
You swap places.
An orc comes into view. It is wielding a +0 flail.
The orc shouts!
You are too injured to fight recklessly!
Fire: a) +0 shortbow
Press: ? - help, Q - select action Shift-Dir - straight line, f/p - ribbon worm
Aim: a ribbon worm (lightly wounded, ally target, 81% to hit)
Okay, then.
Unknown command.
You shoot an arrow. The arrow hits the ribbon worm!
The ribbon worm is heavily wounded.
The ribbon worm expels a string of sticky webbing.
The stream of webbing hits you but does no damage.
You are caught in a web!
You struggle to detach yourself from the web.
The ribbon worm barely misses you.
The ribbon worm barely misses your butterfly.
Unknown command.
The web tears apart.
The orc hits you with a +0 flail.
* * * LOW HITPOINT WARNING * * *
The ribbon worm barely misses you.
Unknown command.
You shoot an arrow.
The arrow barely misses the ribbon worm.
You are starting to lose your buoyancy.
The orc hits you with a +0 flail.
* * * LOW HITPOINT WARNING * * *
The ribbon worm closely misses you.
The ribbon worm expels a string of sticky webbing.
The stream of webbing hits you but does no damage.
You are caught in a web!
Unknown command.
The web tears apart.
The orc misses you. The ribbon worm barely misses you.
Unknown command.
Unknown command.
The orc attacks as it pursues you! The orc hits you with a +0 flail.
You die...

#. ...... #. #.....#
###. #.....#
#...###.....###
#.##...........
#.K#....b......
.#########.w...w.._.....
††wK.†.w..w##..o........
..###########...@b......
.. ####..b..### .#
#.....# # #.....#
##..### ..# #.# .#


You could see 2 ribbon worms, an orc and a kobold.

Vanquished Creatures
  An iguana (D:4)
  An adder (D:4)
  3 ribbon worms
  4 ball pythons
  7 endoplasms
  2 giant cockroaches
  A goblin (D:1)
  3 hobgoblins (D:1)
  3 jackals (D:2)
  2 quokkas (D:1)
  2 frilled lizards
  5 kobolds
  6 rats
40 creatures vanquished.

Notes
Turn   | Place    | Note
-------+----------+-------------------------------------------
     0 | D:1      | spaghetti the Demonspawn Hunter began the quest for the
                  | Orb.
     0 | D:1      | Reached XP level 1. HP: 16/16 MP: 1/1
    84 | D:1      | Reached skill level 4 in Ranged Weapons
   116 | D:1      | Gained mutation: You have a small tail. [demonic ancestry]
   116 | D:1      | Reached XP level 2. HP: 22/22 MP: 2/2
   796 | D:2      | Found Tek Adausa's Armour Boutique.
   831 | D:2      | Gained mutation: You have a tail ending in a sharp stinger.
                  | [demonic ancestry]
   831 | D:2      | Reached XP level 3. HP: 13/27 MP: 3/3
  1411 | D:2      | You fall into a shaft and drop 2 floors!
  1430 | D:4      | Reached skill level 5 in Ranged Weapons
  1430 | D:4      | Gained mutation: You are partially covered in icy blue
                  | scales. (AC +2) [demonic ancestry]
  1430 | D:4      | Reached XP level 4. HP: 5/33 MP: 4/4
  1479 | D:4      | Found a snail-covered altar of Cheibriados.
  1489 | D:4      | Slain by an orc

Illustrated notes

Levels and vault maps discovered:
D:1:      nzn_arrival_depleted_hourglass, layout_loops_ring
D:2:      layout_basic, serial_shops, nicolae_shop_statue_plus
D:4:      layout_rooms, slow_altar_1, elyvilon_altar_1, serial_shops,
          nicolae_shop_just_a_little_nook, nicolae_shop_hallway_plus,
          nicolae_stop_n_shop_2, nicolae_wormholes

Skill      XL: |  1  2  3 |
---------------+----------+-----
Ranged Weapons | 4 5 |  5.2
Fighting       | |  2.0
Dodging        | |  1.7
Stealth        | |  0.8

Action                     |  1- 3 |  4- 6 || total
---------------------------+-------+-------++-------
   Fire: Shortbow          |   110 |    31 ||   141
    Use: Potion            |     1 |     2 ||     3
         Scroll            |       |     3 ||     3
 Armour: Leather armour    |    29 |    15 ||    44
  Dodge: Dodged            |    33 |    19 ||    52
